 Dungeon Crawl Stone Soup version 0.26.1-2-gb8aa6d0cf2 (webtiles) character file.

Game seed: 9467474458115686207

317 Ladykiller69 the Chopper (level 6, -1/52 HPs)
             Began as a Hill Orc Gladiator on Mar 19, 2021.
             Killed by divine providence
             ... invoked by an orc priest
              (10 damage)
             ... on level 3 of the Dungeon.
             The game lasted 00:03:59 (3116 turns).

Ladykiller69 the Chopper (Hill Orc Gladiator)       Turns: 3116, Time: 00:04:00

Health: -1/52      AC:  4    Str: 19    XL:     6   Next: 45%
Magic:  6/6        EV: 13    Int:  8    God:
Gold:   180        SH:  0    Dex: 12    Spells: 5/5 levels left

rFire    . . .     SeeInvis .   a - +0 war axe
rCold    . . .     Faith    .   (no shield)
rNeg     . . .     Spirit   .   b - +0 leather armour
rPois    .         Reflect  .   c - +0 helmet
rElec    .         Harm     .   (no cloak)
rCorr    .         Rampage  .   (no gloves)
Will     .....                  (no boots)
Stlth    +.........             (no amulet)
HPRegen  0.17/turn              (no ring)
MPRegen  0.10/turn              (no ring)

@: no status effects
A: no striking features
a: Convert to Beogh


You were on level 3 of the Dungeon.
You visited 1 branch of the dungeon, and saw 3 of its levels.

You collected 180 gold pieces.

Inventory:

Hand Weapons
 a - a +0 war axe (weapon)
Missiles
 d - 2 throwing nets (quivered)
Armour
 b - a +0 leather armour (worn)
 c - a +0 helmet (worn)
Jewellery
 j - an uncursed amulet of faith {unknown}
Scrolls
 f - 3 scrolls of identify {unknown}
 g - 2 scrolls of blinking {unknown}
 k - a scroll of fear {unknown}
Potions
 e - a potion of ambrosia
 h - a potion of cancellation
 i - a potion of berserk rage {unknown}
 l - 3 potions of mutation {unknown}
 m - a potion of attraction {unknown}
 n - a potion of degeneration {unknown}
 o - a potion of curing {unknown}


   Skills:
 + Level 4.1 Fighting
 * Level 6.5 Axes
 - Level 2.0 Throwing
 + Level 2.7 Armour
 + Level 3.3 Dodging


You had 5 spell levels left.
You didn't know any spells.
Your spell library was empty.

Dungeon Overview and Level Annotations

Branches:
Dungeon (3/15)

Altars:
Fedhas
Kikubaaqudgha


Message History

The magic dart hits you.
* * * LOW HITPOINT WARNING * * *
Something tries to affect you, but you resist.
The orc priest shouts, "Join the one true god or die!" (press Y on the ability menu to convert to Beogh)
Something tries to affect you, but you resist.
You see here a quokka skeleton.
A puff of flame appears from out of thin air!
The puff of flame misses you.
There is an open door here.
As you close the door, it creaks loudly!
Something unseen opens the door.
The orc priest invokes the aid of Beogh against you.
Beogh smites you!
* * * LOW HITPOINT WARNING * * *
The orc priest casts a cantrip, but nothing happens.
There is a stone staircase leading up here.
The orc priest calls down the wrath of Beogh upon you.
Beogh smites you!
You die...

#.#...'.........รท...#...###
##.#.###........###......).#
#....# #.......)# #.o......#
#..### #........# ###...#..#
#o. #........# #P.P#..# #..
#############PP.##.## ...
#.......#P_.##.# #.#.
#.......#PPP#.o# ..#>
+@......#####..+ ##.+.
#.........#....#
##........#....#
#........#....###
#......o.'.......
#........######## #........#
##########


You could see an orc priest.

Vanquished Creatures
  Grinder (D:3)
  3 adders (D:2)
  4 oozes
  6 dart slugs
  3 leopard geckos
  A ball python (D:2)
  12 goblins
  14 hobgoblins
  A quokka (D:3)
  5 bats
  A frilled lizard (D:1)
  6 kobolds
  11 rats
68 creatures vanquished.

Notes
Turn   | Place    | Note
-------+----------+-------------------------------------------
     0 | D:1      | Ladykiller69 the Hill Orc Gladiator began the quest for the
                  | Orb.
     0 | D:1      | Reached XP level 1. HP: 18/18 MP: 1/1
   204 | D:1      | Reached XP level 2. HP: 20/25 MP: 2/2
   550 | D:1      | Reached XP level 3. HP: 27/30 MP: 3/3
   585 | D:1      | Reached skill level 1 in Armour
  1152 | D:1      | You fall into a shaft and drop 1 floor!
  1174 | D:2      | HP: 1/31 [poisoned by an adder]
  1511 | D:1      | Reached skill level 5 in Axes
  1514 | D:1      | Reached XP level 4. HP: 34/38 MP: 4/4
  1866 | D:2      | Found a blossoming altar of Fedhas.
  2389 | D:2      | Reached XP level 5. HP: 27/45 MP: 5/5
  2743 | D:3      | Found an ancient bone altar of Kikubaaqudgha.
  2749 | D:3      | Found a blossoming altar of Fedhas.
  2854 | D:3      | Noticed Grinder
  2858 | D:3      | Paralysed by Grinder for 6 turns
  2872 | D:3      | Paralysed by Grinder for 6 turns
  2882 | D:3      | Killed Grinder
  2883 | D:3      | Reached skill level 6 in Axes
  2883 | D:3      | Reached XP level 6. HP: 21/52 MP: 6/6
  3116 | D:3      | Killed from afar by an orc priest

Illustrated notes

Levels and vault maps discovered:
D:1:      dpeg_arrival_boxorama, layout_basic
D:2:      cheibrodos_greedy_goblins, layout_basic, fedhas_altar_3
D:3:      layout_basic, grunt_temple_overflow_growth_and_decay, okawaru_trees_2,
          uniq_robin, uniq_crazy_yiuf_cottage, uniq_grinder

Skill      XL: |  1  2  3  4  5 |
---------------+----------------+-----
Throwing       | 2 |  2.0
Armour         | 1 2 |  2.7
Fighting       | 3 4 |  4.1
Axes           | 5 6 |  6.5
Dodging        | 3 |  3.3

Action                   |  1- 3 |  4- 6 || total
-------------------------+-------+-------++-------
Melee: War axe           |    92 |   116 ||   208
Throw: Throwing net      |       |     3 ||     3
  Use: Potion            |     2 |       ||     2
 Stab: Held in net/web   |       |     1 ||     1
Armor: Leather armour    |    22 |    30 ||    52
Dodge: Dodged            |    73 |    94 ||   167
